 Dungeon Crawl Stone Soup version 0.25-a0-566-g062765b (webtiles) character file.

Game seed: 3666720352293817227, levelgen mode: deterministic

30 15 the Caller (level 3, 0/26 HPs)
             Began as a Barachi Summoner on Feb 28, 2020.
             Slain by a jackal (3 damage)
             ... on level 1 of the Dungeon.
             The game lasted 00:04:39 (1594 turns).

15 the Caller (Barachi Summoner)                    Turns: 1594, Time: 00:04:40

Health: 0/26       AC:  2    Str: 10    XL:     3   Next: 20%
Magic:  0/6        EV: 13    Int: 15    God:
Gold:   43         SH:  0    Dex: 12    Spells: 1/7 levels left

rFire    . . .     SeeInvis .   b - +0 dagger
rCold    . . .     Gourm    .   (no shield)
rNeg     . . .     Faith    .   a - +0 robe
rPois    .         Spirit   +   (no helmet)
rElec    .         Reflect  .   j - scarf {Spirit}
rCorr    .         Harm     .   (no gloves)
MR       .....                  (no boots)
Stlth    ++........             (no amulet)
HPRegen  0.08/turn              (no ring)
MPRegen  0.10/turn              (no ring)

@: slow
A: +LOS, swims, slowness 1, strong legs 1
a: Hop


You were on level 1 of the Dungeon.
You were very hungry.

You visited 1 branch of the dungeon, and saw 2 of its levels.

You collected 43 gold pieces.

Inventory:

Hand Weapons
 b - a +0 dagger (weapon)
 d - a +0 spear
Armour
 a - a +0 robe (worn)
 j - a scarf of spirit shield (worn)
Scrolls
 f - a scroll of teleportation
 g - a scroll of magic mapping {unknown}
 i - a scroll of identify
Potions
 e - a potion of berserk rage {unknown}
Comestibles
 c - a ration


   Skills:
 * Level 1.2 Fighting
 + Level 0.1 Short Blades
 * Level 0.5 Armour
 * Level 2.6 Dodging
 + Level 1.9 Stealth
 * Level 2.6 Spellcasting
 + Level 5.0 Summonings


You had one spell level left.
You knew the following spells:

 Your Spells              Type           Power        Failure   Level  Hunger
a - Summon Small Mammal   Summ           ###.         2%          1    #......
b - Call Imp              Summ           ###.....     4%          2    ###....
c - Summon Guardian Gole  Hex/Summ       #.......     22%         3    ###....

Your spell library contained the following spells:

 Spells                   Type           Power        Failure   Level  Hunger
 Call Canine Familiar     Summ           ###.....     8%          3    ###....
 Summon Ice Beast         Ice/Summ       #.......     58%         4    #####..
 Summon Lightning Spire   Summ/Air       #.......     58%         4    #####..


Dungeon Overview and Level Annotations

Branches:
Dungeon (2/15)

Altars:


Innate Abilities, Weirdness & Mutations

You can be seen from farther away. (+LOS)
You can swim through water.
You cover ground slowly.
You can hop short distances.


Message History

The jackal dies!
Your crimson imp hits the jackal but does no damage.
There is an open door here.
What are your orders? t - Ribbit!
Orders for allies: a - Attack new target. r - Retreat! s - Stop attacking. g - Guard the area. f - Follow me.
Anything else - Cancel.
Gang up on whom?
Press: ? - help, Dir - move target cursor, f - jackal
Aim: a jackal (severely wounded) Attack!
Your crimson imp hits the jackal but does no damage.
You hit the jackal but do no damage.
The jackal is severely wounded.
The jackal bites you.
* * * LOW HITPOINT WARNING * * *
The jackal bites you.
You die...

#....####.....# #.
#.............# #.
#.............# ##
#....###......## # #....#
##......#### ###### #..........
#################.....###
#..†#...#...#...#........
#...'..h@(..'...#.....)..
#...#.5h#..)#...#........
######'#######'##........
########...#.).#...#...#........
#.....?#...#...#.⌠.#.⌠.#........
#......#...#...#...#(..#........
#......##'###'###'###'##........
#####.##...#...#b..#...#..#.....
#.##.⌠.#.<.'.⌠.#...#....###.


You could see 2 jackals and a friendly crimson imp.

Vanquished Creatures
  A dart slug (D:1)
  A giant cockroach (D:1)
  A hobgoblin (D:1)
  A jackal (D:1)
  2 bats (D:1)
  A frilled lizard (D:1)
  2 goblins (D:1)
  2 rats (D:1)
11 creatures vanquished.

Vanquished Creatures (collateral kills)
  An ooze (D:1)
  A dart slug (D:1)
  3 bats (D:1)
  2 giant cockroaches (D:1)
  3 goblins (D:1)
  2 hobgoblins (D:1)
  A jackal (D:1)
  4 kobolds (D:1)
  A ball python (D:1)
  A frilled lizard (D:1)
19 creatures vanquished.

Grand Total: 30 creatures vanquished

Notes
Turn   | Place    | Note
-------+----------+-------------------------------------------
     0 | D:1      | 15 the Barachi Summoner began the quest for the Orb.
     0 | D:1      | Reached XP level 1. HP: 13/13 MP: 3/3
   428 | D:1      | You fall into a shaft and drop 1 floor!
   461 | D:1      | Reached skill level 5 in Summonings
   462 | D:1      | Reached XP level 2. HP: 8/20 MP: 1/5
   469 | D:1      | Learned a level 2 spell: Call Imp
   515 | D:1      | Reached skill level 1 in Fighting
   544 | D:1      | HP: 1/21 [hobgoblin/+0 club (3)]
  1054 | D:1      | Reached XP level 3. HP: 12/26 MP: 6/6
  1229 | D:1      | Learned a level 3 spell: Summon Guardian Golem
  1594 | D:1      | Slain by a jackal

Levels and vault maps discovered:
D:1:      co_arrival_random_square_maze, layout_rooms
D:2:      layout_rooms, nicolae_qazlal_style_of_elements

Skill      XL: |  1  2 |
---------------+-------+-----
Summonings     | 5 |  5.0
Fighting       | 1 |  1.2
Short Blades   | |  0.1
Armour         | |  0.5
Dodging        | |  2.6
Stealth        | |  1.9
Spellcasting   | |  2.6

Action                   || total
-------------------------++-------
Melee: Dagger            ||   117
       Unarmed           ||    10
 Cast: Summon Small Mamm ||    11
       Call Imp          ||     7
       Summon Guardian G ||     1
  Use: Scroll            ||     3
  Eat: Chunk             ||     2
Armor: Robe              ||    43
Dodge: Dodged            ||   163

Table legend:
 A = Non-vault XP
 B = Vault XP
 C = Vault XP percentage of total XP
 D = Non-vault monster count
 E = Vault monster count
 F = Vault count percentage of total count
                 A         B        C        D         E       F
            +---------+---------+-------+---------+---------+-------
      Total |      44 |       0 |   0.0 |      30 |       0 |   0.0
            +---------+---------+-------+---------+---------+-------
        D:1 |      44 |       0 |   0.0 |      30 |       0 |   0.0
            +---------+---------+-------+---------+---------+-------
